 Dungeon Crawl Stone Soup version 0.17-a0-1069-g92ad481 (webtiles) character file.

14 Gorice the Conjurer (level 2, -1/17 HPs)
             Began as a Tengu Wanderer on May 17, 2015.
             Slain by a goblin
             ... wielding a +0 dagger
              (2 damage)
             ... on level 1 of the Dungeon.
             The game lasted 00:02:48 (277 turns).

Gorice the Conjurer (Tengu Wanderer)                 Turns: 277, Time: 00:02:48

Health: -1/17      AC:  5    Str: 12    XL:     2   Next: 41%
Magic:  6/6        EV: 10    Int: 11    God:
Gold:   58         SH:  0    Dex: 14    Spells: 1 memorised, 4 levels left

rFire  . . .     SeeInvis .     a - +0 club
rCold  . . .     Clarity  .     b - +0 ring mail
rNeg   . . .     SustAb   .     (no shield)
rPois  .         Gourm    .     (helmet restricted)
rElec  .         Spirit   .     (no cloak)
rCorr  .         Warding  .     (no gloves)
rMut   .         Stasis   .     (boots unavailable)
MR     .....                    (no amulet)
Stlth  +.........               (no ring)
                                (no ring)

@: not resistant to hostile enchantments, very unstealthy
A: beak, talons 3
a: no special abilities


You were on level 1 of the Dungeon.
You were not hungry.

You visited 1 branch of the dungeon, and saw 1 of its levels.

You collected 58 gold pieces.

Inventory:

Hand weapons
 a - a +0 club (weapon)
 j - a +0 dagger of speed
   (You found it on level 1 of the Dungeon)
Armour
 b - a +0 ring mail (worn)
Scrolls
 c - 2 scrolls of teleportation {!r}
 f - a scroll of random uselessness {unknown}
 h - 4 scrolls of identify {unknown}
 i - a scroll of remove curse {unknown}
Potions
 k - a potion of cancellation {unknown}
Books
 d - a book of Conjurations
Comestibles
 e - a bread ration {!e}
 g - 4 chunks of flesh


   Skills:
 + Level 1.7 Fighting
 * Level 2.2 Maces & Flails
 - Level 1.0 Armour
 - Level 1.2 Stealth
   Level 1.0 Shields
 - Level 2.0 Spellcasting
 - Level 2.6 Conjurations
   Level 1.1 Necromancy


You had 4 spell levels left.
You knew the following spells:

 Your Spells              Type           Power        Failure   Level  Hunger
a - Magic Dart            Conj           #...         24%         1    ##.....


Dungeon Overview and Level Annotations

Branches:
Dungeon (1/15)

Altars:


Innate Abilities, Weirdness & Mutations

You have a beak for a mouth.
You have claws for feet.


Message History

You closely miss the kobold.
The kobold shouts!
You peck the kobold.
You kill the kobold!
The goblin completely misses you.
You hit the goblin.
The goblin is moderately wounded.
The goblin hits you but does no damage. The giant gecko barely misses you.
The giant gecko bites you but does no damage.
The giant gecko bites you but does no damage.
The giant gecko barely misses you.
You barely miss the giant gecko. The giant gecko bites you.
The goblin hits you with a dagger.
Damage: 2 (max 2)
You hit the giant gecko.
The giant gecko is lightly wounded.
The giant gecko barely misses you. The goblin hits you but does no damage.
The giant gecko closely misses you.
You hit the giant gecko. You claw the giant gecko.
The giant gecko is heavily wounded.
The goblin hits you with a dagger. The giant gecko closely misses you.
Damage: 1 (max 2)
The kobold hits you with a whip.
Damage: 2 (max 2)
The giant gecko closely misses you.
Some of the chunks of flesh in your inventory have rotted away.
The giant gecko bites you but does no damage.
You see here 28 sling bullets.
You barely miss the giant gecko. Your kick misses the giant gecko.
Your peck misses the giant gecko.
The giant gecko is heavily wounded.
The giant gecko barely misses you. The giant gecko closely misses you.
You hit the giant gecko. Your kick misses the giant gecko.
The giant gecko is severely wounded.
The goblin closely misses you. The giant gecko closely misses you.
You closely miss the giant gecko.
The giant gecko is severely wounded.
The goblin hits you but does no damage. The kobold hits you with a whip.
The giant gecko bites you.
* * * LOW HITPOINT WARNING * * *
The goblin closely misses you. The kobold closely misses you.
Damage: 3 (max 3)
You closely miss the giant gecko. You claw the giant gecko.
You kill the giant gecko!
The goblin hits you with a dagger.
* * * LOW HITPOINT WARNING * * *
The kobold hits you but does no damage.
Damage: 3 (max 3)
The goblin hits you with a dagger.
You die...

#### ######## ##..###......#
#....##......# ########
#....##......# .......#
#K@g.##......# .......#
##..###......# .......#
#..##...[...# .......#
##...........# .......#
#.....#......# .).....##
##............#
.#.###..######.............#
...# ##..............#######
...# #............##


You could see a goblin and a kobold.

Vanquished Creatures
  A giant gecko (D:1)
  2 bats (D:1)
  A hobgoblin (D:1)
  3 giant cockroaches (D:1)
  A giant newt (D:1)
  A goblin (D:1)
  A kobold (D:1)
  4 rats (D:1)
14 creatures vanquished.

Notes
Turn   | Place    | Note
--------------------------------------------------------------
     0 | D:1      | Gorice the Tengu Wanderer began the quest for the Orb.
     0 | D:1      | Gorice set off with: a book of Conjurations, a +0 ring mail, a scroll of teleportation {!r}, a +0 dagger, a bread ration {!e}
     0 | D:1      | Reached XP level 1. HP: 12/12 MP: 4/4
     4 | D:1      | Learned a level 1 spell: Magic Dart
   169 | D:1      | Reached XP level 2. HP: 9/16 MP: 6/6
   175 | D:1      | Reached skill level 1 in Armour
   275 | D:1      | HP: 4/16 [giant gecko (1)]
   276 | D:1      | HP: 1/17 [goblin/dagger (3)]
   277 | D:1      | Slain by a goblin

Vault maps used:
D:1:      dpeg_arrival_round_a, moated_statue

Action                   || total
-------------------------++-------
Melee: Dagger            ||    45
       Club              ||    12

Table legend:
 A = Turns spent in this place as a percentage of turns spent in the entire game.
 B = Non-inter-level travel turns spent in this place as a percentage of non-inter-level travel turns spent in the entire game.
 C = Inter-level travel turns spent in this place as a percentage of turns spent in this place.
 D = Turns resting spent in this place as a percentage of non-inter-level travel turns spent in this place.
 E = Turns spent auto-exploring this place as a percentage of non-inter-level travel turns spent in this place.
 F = Non-inter-level travel turns spent in this place divided by the number of levels of this place that you've seen.
                   A       B       C       D       E      F
               +-------+-------+-------+-------+-------+----------------------
         Total | 100.0 | 100.0 |   0.0 |   0.0 |   2.7 | 224.0
       Dungeon | 100.0 | 100.0 |   0.0 |   0.0 |   2.7 | 224.0
               +-------+-------+-------+-------+-------+----------------------

Vault maps used:
D:1:      dpeg_arrival_round_a, moated_statue
